Map: Ulrena

Players

TheDoom - Winner!

  • Race: Protoss Protoss

juhyg

  • Race: Terran Terran
  • League: Bronze

VOD

Have the link to the VOD?

Description

Time

  • Played on: Feb. 5, 2016, 5:52 p.m.
  • Length: 12:31
Show
View Real Time Build Order
Export as new Build Order

TheDoom Protoss - Winner!

Build Orders:  

Get SALT Encoding   

  12  0:02  Probe (Chrono Boost)  
  13  0:13  Pylon  
  13  0:19  Probe (Chrono Boost)  
  14  0:34  Gateway  
  14  0:37  Probe (Chrono Boost)  
  15  0:52  Assimilator  
  15  0:57  Assimilator  
  15  1:14  Probe (Chrono Boost)  
  16  1:21  Assimilator  
  16  1:22  Zealot  
  16  1:24  Probe (Chrono Boost)  
  19  1:35  Probe (Chrono Boost)  
  20  1:40  Assimilator  
  20  1:45  Probe (Chrono Boost)  
  21  1:49  Zealot  
  23  2:00  Gateway  
  22  2:02  Probe (Chrono Boost)  
  22  2:03  Gateway  
  23  2:11  Pylon  
  23  2:29  Probe (Chrono Boost)  
  24  2:37  Pylon  
  24  2:39  Cybernetics Core  
  24  2:40  Probe (Chrono Boost)  
  25  2:57  Zealot x2  
  29  3:19  Twilight Council  
  29  3:26  Robotics Facility  
  29  3:30  Warp Gate  
  29  3:32  Probe (Chrono Boost)  
  30  3:40  Stalker  
  32  3:42  Probe (Chrono Boost)  
  33  3:53  Probe (Chrono Boost)  
  34  4:18  Nexus  
  34  4:19  Probe (Chrono Boost)  
  35  4:24  Observer  
  35  4:30  Probe (Chrono Boost)  
  37  4:36  Assimilator  
  37  4:38  Assimilator  
  37  4:41  Probe (Chrono Boost)  
  38  4:54  Pylon  
  38  5:04  Pylon  
  38  5:12  Stalker x2  
  38  5:14  Mothership Core (Chrono Boost)  
  44  5:23  Pylon  
  44  5:25  Pylon  
  44  5:41  Immortal (Chrono Boost)  
  48  5:59  Robotics Facility  
  48  6:05  Probe  
  49  6:11  Probe  
  49  6:18  Probe  
  51  6:22  Probe, Immortal (Chrono Boost)  
  56  6:30  Probe  
  56  6:32  Probe  
  58  6:42  Probe  
  58  6:43  Probe  
  60  6:51  Immortal (Chrono Boost)  
  65  6:54  Probe  
  65  6:55  Probe  
  70  7:02  Immortal (Chrono Boost)  
  46  7:52  Immortal (Chrono Boost)  
  46  7:53  Immortal (Chrono Boost)  
  46  7:57  Stalker x3  
  60  8:08  Gateway  
  60  8:10  Gateway  
  60  8:12  Gateway  
  60  8:14  Probe x2  
  62  8:26  Probe x2  
  64  8:36  Immortal (Chrono Boost)  
  64  8:38  Probe x2, Immortal (Chrono Boost)  
  74  8:47  Pylon  
  74  8:52  Pylon  
  74  8:57  Stalker  
  74  8:58  Stalker  
  78  9:22  Pylon  
  78  9:28  Immortal (Chrono Boost)  
  78  9:29  Immortal (Chrono Boost), Dark Shrine  
  86  9:53  Stalker x3  
  86  9:55  Stalker x2  
  96  10:37  Immortal (Chrono Boost)  
  100  10:43  Stalker  
  100  10:57  Immortal (Chrono Boost)  
  90  11:11  Immortal (Chrono Boost)  
  62  11:31  Immortal (Chrono Boost)  
  61  11:36  Stalker x3  
  61  11:37  Stalker x3  
Show
View Real Time Build Order
Export as new Build Order

juhyg Terran 

Build Orders: MMM Bio 

Get SALT Encoding   

  12  0:12  Supply Depot  
  12  0:13  SCV  
  13  0:25  SCV  
  14  0:37  SCV, Barracks  
  15  0:49  SCV  
  16  1:00  Supply Depot  
  16  1:07  SCV  
  17  1:30  Barracks  
  17  1:31  Marine  
  18  1:49  Marine  
  19  2:14  Supply Depot  
  19  2:26  Marine x2  
  21  2:47  Marine x2  
  23  3:00  Supply Depot  
  23  3:09  Refinery  
  23  3:15  Marine x2  
  25  3:22  Orbital Command  
  25  3:23  Supply Depot  
  25  3:43  Refinery  
  25  3:47  Supply Depot  
  25  3:48  SCV  
  26  4:00  SCV  
  28  4:09  Supply Depot  
  28  4:12  SCV  
  28  4:14  Barracks Reactor  
  28  4:17  Barracks Tech Lab  
  28  4:24  SCV  
  29  4:36  SCV  
  29  4:37  Supply Depot  
  30  4:40  Stimpack  
  30  4:46  Marauder  
  30  4:48  SCV  
  34  4:54  Marine x2  
  34  4:59  Supply Depot  
  35  5:08  Marauder  
  35  5:12  Marine x2  
  39  5:22  Factory, Supply Depot  
  39  5:29  Marauder  
  39  5:30  Marine x2  
  43  5:45  Supply Depot  
  43  5:48  Marine x2  
  45  5:51  Marauder  
  47  6:07  Starport  
  47  6:11  Factory Reactor  
  47  6:12  Marauder  
  49  6:33  Marauder  
  51  6:40  Marine x2  
  51  6:41  Combat Shields  
  53  6:55  Marauder  
  53  6:57  Marine  
  53  6:58  Marine  
  57  7:01  Medivac  
  57  7:03  Medivac  
  61  7:15  Marine x2  
  51  7:16  Marauder  
  41  7:33  Marine x2  
  41  7:37  Marauder  
  41  7:43  Medivac x2  
  46  7:46  Hellion  
  46  7:51  Marine x2  
  50  7:59  Marauder  
  50  8:00  Concussive Shells  
  52  8:07  Hellion  
  52  8:09  Marine x2  
  56  8:13  Viking  
  58  8:20  Marauder  
  58  8:26  Marine  
  58  8:27  Marine  
  61  8:29  Hellion  
  61  8:30  Viking  
  66  8:42  Marauder  
  66  8:44  Marine x2  
  70  8:50  Command Center  
  70  9:03  Marauder  
  72  9:16  Marine x2  
  74  9:24  Marauder  
  74  9:30  Viking  
  78  9:34  Marine x2  
  82  9:46  Marauder, Widow Mine  
  82  9:52  Marine x2  
  86  10:08  Marauder  
  86  10:10  Marine x2  
  90  10:14  Medivac  
  90  10:15  Widow Mine  
  94  10:21  Medivac  
  94  10:27  Marine  
  97  10:44  Widow Mine  
  61  11:14  Marine  
  61  11:15  Marine  
  51  11:19  Marauder  
  51  11:22  Medivac  
  47  11:32  Marine x2  
  49  11:41  Marauder  
  51  11:50  Marine x2  
  53  12:01  Factory Tech Lab  
  53  12:02  Marauder  
Tags
 
Composition
MMM Bio
League
Bronze
Matchup
PvT
Add a new tag
Caveats
  • Supply blocks, unpowered buildings, or Contaminate may cause inaccurate times.
  • Supply counts are checked every 10 seconds.